 Dungeon Crawl Stone Soup version 0.29-a0-43-g62a80824bf (webtiles) character file.

Game seed: 15174052604671306999

27 senseless the Scratcher (level 2, -6/14 HPs)
             Began as a Felid Fighter on Feb 2, 2022.
             Mangled by a gnoll (7 damage)
             ... on level 1 of the Dungeon.
             The game lasted 00:01:44 (935 turns).

senseless the Scratcher (Felid Fighter)              Turns: 935, Time: 00:01:45

Health: -6/14      AC:  1    Str: 12    XL:     2   Next: 93%
Magic:  3/3        EV: 18    Int:  9    God:
Gold:   26         SH:  0    Dex: 15    Spells: 1/1 levels left
                                        Lives:  0   Deaths: 0

rFire   . . .      SeeInvis +     - Unarmed
rCold   . . .      Faith    .   (shield unavailable)
rNeg    . . .      Spirit   .   (armour unavailable)
rPois   .          Reflect  .   (helmet unavailable)
rElec   .          Harm     .   (cloak unavailable)
rCorr   .          Rampage  .   (gloves unavailable)
Will    .....                   (boots unavailable)
Stlth   +.........              (no amulet)
HPRegen 0.04/turn               (no ring)
MPRegen 0.08/turn               (no ring)

@: quick
A: very small, claws 1, fangs 3, see invisible, speed 1, shaggy fur 1, stealthy
paws, no weapons or thrown items, no armour, multi-lived
a: no special abilities


You were on level 1 of the Dungeon.
You visited 1 branch of the dungeon, and saw 2 of its levels.

You collected 26 gold pieces.

Inventory:

Scrolls
 b - a scroll of identify
 c - a scroll of immolation
Potions
 a - a potion of might


   Skills:
 + Level 3.2 Fighting
 + Level 4.2 Dodging
 + Level 0.3 Stealth
 + Level 4.6 Unarmed Combat


You had one spell level left.
You didn't know any spells.
Your spell library was empty.

Dungeon Overview and Level Annotations

Branches:
Dungeon (2/15)

Altars:

Shops:
D:1 *


Innate Abilities, Weirdness & Mutations

You have sharp claws.
You have razor-sharp teeth.
You have supernaturally acute eyesight. (SInv)
You cover ground quickly. (Speed+)
You are covered in fur. (AC +1)
Your paws help you pounce on unaware monsters.
You are incapable of wielding weapons or throwing items.
You cannot wear armour.
You gain extra lives every three experience levels.


Message History

Your bat barely misses the ball python.
The ball python closely misses you. The ball python constricts you.
You claw the ball python!
You kill the ball python!
A gnoll comes into view. It is wielding a +0 halberd.
You swap places.
A bat comes into view.
The bat hits your rat. The gnoll hits your rat with a +0 whip!
Your rat dies!
Your rat's corpse dissolves into shadows!
Your bat misses the bat. The bat closely misses your bat.
There is a stone staircase leading up here.
The bat closely misses your bat.
Your bat misses the bat. Your bat hits the gnoll.
A giant cockroach comes into view.
Your rat bites the gnoll but does no damage.
Your bat barely misses the bat.
The bat hits your bat but does no damage.
Your bat barely misses the bat.
Your rat barely misses the gnoll.
A dart slug comes into view.
The gnoll barely misses your rat. The bat completely misses you.
Your bat hits the bat. The gnoll hits you with a +0 flail!
Ouch! That really hurt!
* * * LOW HITPOINT WARNING * * *
The bat hits you but does no damage.
Your rat closely misses the gnoll.
The gnoll hits your rat with a +0 halberd.
Your rat dies!
Your rat's corpse dissolves into shadows!
You climb upwards.
There is a stone staircase leading down here.
You scratch the gnoll.
The gnoll is heavily wounded.
The bat barely misses you. x2; The gnoll hits you with a +0 flail.
* * * LOW HITPOINT WARNING * * *
You scratch the gnoll.
The gnoll is almost dead.
The bat hits you but does no damage. The gnoll hits you with a +0 flail!
Ouch! That really hurt!
You die...

#####.##.# ######
#..##.#
#....######...#.#
#....'....).#.#.####
#....######.#.)....#
####........##...#.#
#.###..##.#...#.#
#...)......b..#.##
#.####.....#@....#
#....###....g.#..##
####.# #.#.#......#
#.###...#####∩.#
#..............#
###.....######.#
###..........#
####.#.########
#.............#


You could see a gnoll and a bat.

Vanquished Creatures
  2 dart slugs (D:1)
  3 bats (D:1)
  An endoplasm (D:1)
  A giant cockroach (D:1)
  3 goblins (D:1)
  A hobgoblin (D:1)
  3 jackals (D:1)
  4 kobolds (D:1)
  A ball python (D:2)
  A rat (D:1)
20 creatures vanquished.

Notes
Turn   | Place    | Note
-------+----------+-------------------------------------------
     0 | D:1      | senseless the Felid Fighter began the quest for the Orb.
     0 | D:1      | Reached XP level 1. HP: 10/10 MP: 2/2
   171 | D:1      | Found Qoywodess's Assorted Antiques.
   177 | D:1      | Reached XP level 2. HP: 11/14 MP: 3/3
   935 | D:1      | Mangled by a gnoll

Illustrated notes

Levels and vault maps discovered:
D:1:      dpeg_chamrin_arrival_tetris, layout_basic, serial_shops, shop,
          hex_intersection
D:2:      layout_basic, basic_ecumenical_altar, kennysheep_crisscross,
          uniq_sigmund

Action                   || total
-------------------------++-------
Melee: Unarmed           ||    47
       Bite              ||     1
  Use: Scroll            ||     2
 Stab: Sleeping          ||     1
Armor: Skin              ||     5
Dodge: Dodged            ||    50

Table legend: (Time is in decaauts)
 A = Elapsed time spent in this place.
 B = Non-inter-level travel time spent in this place.
 C = Inter-level travel time spent in this place.
 D = Time resting spent in this place.
 E = Time spent auto-exploring this place.
 F = Levels seen in this place.
 G = Mean time per level.
                   A        B        C        D        E       F      G
               +--------+--------+--------+--------+--------+-----+--------+
         Total |    813 |    804 |      9 |      0 |    689 |   2 |  406.5 |
       Dungeon |    813 |    804 |      9 |      0 |    689 |   2 |  406.5 |
               +--------+--------+--------+--------+--------+-----+--------+

Top non-repeatable levels by time:
     D:1: 800 daAuts
     D:2: 13 daAuts
